 Dungeon Crawl Stone Soup version 0.31-a0-187-gba352fbbf7 (webtiles) character file.

Game seed: 5220992927248765060

220 Gorgondantess the Firebug (level 5, -10/26 (28) HPs)
             Began as a Tengu Fire Elementalist on June 23, 2023.
             Mangled by a wight
             ... wielding a +0 flail
              (13 damage)
             ... on level 4 of the Dungeon.
             The game lasted 00:07:07 (3096 turns).

Gorgondantess the Firebug (Tengu Fire Elementalist) Turns: 3096, Time: 00:07:08

HP:   -10/26 (28)   AC:  2    Str:  8    XL:     5   Next: 97%
MP:   8/10          EV: 19    Int: 17    God:
Gold: 116           SH:  0    Dex: 15    Spells: 3/10 levels left

rFire   . . .        j - +2 dagger (venom)
rCold   . . .        (no shield)
rNeg    . . .        a - +0 robe
rPois   .            (helmet restricted)
rElec   .            (no cloak)
rCorr   .            (no gloves)
SInv    .            (boots unavailable)
Will    .....        (no amulet)
Stlth   ++           h - +5 ring of evasion
HPRegen 0.24/turn    (no ring)
MPRegen 0.12/turn

%: no passive effects
@: flying quickly and evasively, drained, quick
A: beak, talons 3, nimble flight
a: no special abilities


You were on level 4 of the Dungeon.
You visited 1 branch of the dungeon, and saw 4 of its levels.

You collected 116 gold pieces.

Inventory:

Hand Weapons
 d - a +0 dagger
 j - a +2 dagger of venom (weapon)
 y - a +1 whip of draining
Missiles
 u - 5 poisoned darts
Armour
 a - a +0 robe (worn)
 w - a +0 leather armour
 z - a +0 buckler
Jewellery
 h - a +5 ring of evasion (left hand)
Wands
 v - a wand of flame (18)
Scrolls
 f - a scroll of vulnerability {unknown}
 g - a scroll of torment {unknown}
 l - 2 scrolls of immolation {unknown}
 m - a scroll of revelation {unknown}
 q - a scroll of fear {unknown}
 r - a scroll of enchant armour {unknown}
 s - 6 scrolls of identify {unknown}
 t - a scroll of butterflies {unknown}
 x - a scroll of poison {unknown}
Potions
 b - a potion of magic
 c - a potion of haste {unknown}
 e - 2 potions of curing {unknown}
 i - a potion of lignification {unknown}
 k - 2 potions of brilliance {unknown}
 n - a potion of degeneration {unknown}
 o - 2 potions of berserk rage {unknown}
 p - a potion of invisibility {unknown}


   Skills:
 - Level 2.1 Dodging
 - Level 2.0 Stealth
 + Level 3.2 Spellcasting
 + Level 3.7 Conjurations
 * Level 5.5 Fire Magic


You had 3 spell levels left.
You knew the following spells:

 Your Spells              Type           Power      Damage    Failure   Level
a - Foxfire               Conj/Fire      72%        2x1d7     2%          1
b - Scorch                Fire           42%        2d7       2%          2
c - Flame Wave            Conj/Fire      18%        2d7       26%         4

Your spell library contained the following spells:

 Spells                   Type           Power      Damage    Failure   Level
 Inner Flame              Hex/Fire       12%        N/A       17%         3
 Volatile Blastmotes      Fire/Tloc      24%        2d12      17%         3
 Lesser Beckoning         Tloc           4%         N/A       26%         2
 Gell's Gravitas          Tloc           2%         N/A       45%         3
 Teleport Other           Tloc           2%         N/A       45%         3
 Fulminant Prism          Conj/Hex       4%         3d5       61%         4
 Iskenderun's Mystic Bla  Conj/Tloc      9%         2d4       61%         4
 Alistair's Intoxication  Tmut/Pois      1%         N/A       99%         5
 Borgnjor's Vile Clutch   Necr/Erth      1%         N/A       99%         5
 Lee's Rapid Deconstruct  Erth           1%         3d4*      99%         5
 Eringya's Noxious Bog    Tmut/Pois      1%         N/A       100%        6


Dungeon Overview and Level Annotations

Branches:
Dungeon (4/15)
 Temple: D:4-7

Altars:

Shops:
D:1 ::

Annotations:
D:3 2 transporters, IYTBazzie's ghost, amateur MiCA
D:4 Dowan; Duvessa


Innate Abilities, Weirdness & Mutations

You have a beak for a mouth.
You have claws for feet.
Your magical nature lets you fly swiftly and evasively.


Message History

The wight closely misses you.
There is a stone staircase leading up here.
A worm comes into view.
Found 5 stones.
Casting: Scorch (safe; 2% risk of failure)
Confirm with . or Enter, or press ? or * to list all spells.
Flames lash the worm.
The worm is moderately wounded.
The worm's fire resistance burns away.
The wight hits you with a +0 flail!
You feel drained.
Unknown command.
You hit the worm.
The worm is poisoned.
You punch the worm, but do no damage.
The worm is moderately wounded.
The wight closely misses you.
You hit the worm. You claw the worm. Your peck misses the worm.
Your punch misses the worm.
The worm is heavily wounded.
The worm completely misses you. The wight hits you with a +0 flail!
You hit the worm.
The worm looks even sicker.
You claw the worm. You peck the worm, but do no damage.
The worm is severely wounded.
The worm is no longer more vulnerable to fire.
The wight misses you. The worm closely misses you.
You barely miss the worm. You peck the worm, but do no damage.
The worm is severely wounded.
The wight completely misses you.
You hit the worm. You claw the worm, but do no damage.
The worm is almost dead.
The worm bites you!
* * * LOW HITPOINT WARNING * * *
The wight completely misses you.
You hit the worm. You claw the worm, but do no damage.
Your peck misses the worm.
The worm is almost dead.
The wight misses you.
You hit the worm.
You kill the worm!
The wight hits you with a +0 flail!
Ouch! That really hurt!
You die...

#.#########
#..............
##.######.##..#
#.# #..# #g#
#.. #.# ... #<#
#(# #.# #†# #.#
#@# #.#
#######z# #.#
#.<.z.zz# ..#
#[####### ###
#.#
##########z#
...z.......#
############


You could see 3 wights.

Vanquished Creatures
  A wight (D:4)
  A jelly (D:3)
  3 gnolls
  3 adders
  A worm (D:4)
  3 dart slugs
  An orc (D:3)
  4 endoplasms
  3 giant cockroaches
  6 goblins
  5 hobgoblins
  8 jackals (D:1)
  5 quokkas
  8 ball pythons
  8 bats
  2 frilled lizards
  9 kobolds
  6 rats
77 creatures vanquished.

Vanquished Creatures (others)
  66 foxfires
66 creatures vanquished.

Grand Total: 143 creatures vanquished

Notes
Turn   | Place    | Note
-------+----------+-------------------------------------------
     0 | D:1      | Gorgondantess the Tengu Fire Elementalist began the quest
                  | for the Orb.
     0 | D:1      | Reached XP level 1. HP: 10/10 MP: 4/4
   174 | D:1      | Reached XP level 2. HP: 11/15 MP: 1/6
   177 | D:1      | Learned a level 2 spell: Scorch
   303 | D:1      | Found Gustoacka's Book Emporium.
   532 | D:1      | Found Tima Moru's Vocational Training.
   705 | D:1      | Reached skill level 4 in Fire Magic
   705 | D:1      | Reached XP level 3. HP: 19/19 MP: 5/7
  1298 | D:2      | Reached XP level 4. HP: 24/24 MP: 8/8
  2136 | D:3      | Gained mutation: Your magical nature lets you fly swiftly
                  | and evasively. [Tengu growth]
  2136 | D:3      | Reached XP level 5. HP: 28/28 MP: 6/10
  2209 | D:3      | Found a transporter.
  2212 | D:3      | Found a transporter.
  2218 | D:3      | Noticed IYTBazzie's ghost (amateur MiCA)
  2234 | D:3      | Identified the +8 trident of the Shrinking Puffin {venom,
                  | MP-9 Int+3 Dex+2}
  2234 | D:3      | Identified the +1 kite shield "Ostovur" {-Cast rElec rN+
                  | Dex+3}
  2355 | D:3      | Learned a level 4 spell: Flame Wave
  2486 | D:3      | Reached skill level 5 in Fire Magic
  3028 | D:4      | Noticed Dowan
  3066 | D:4      | Noticed Duvessa
  3096 | D:4      | Mangled by a wight

Illustrated notes

Levels and vault maps discovered:
D:1:      evilmike_arrival_hilbert_curve, layout_loops_cross, serial_shops,
          shop, minivault_5, nicolae_shop_vocational
D:2:      layout_loops_ring
D:3:      layout_loops_ring, gammafunk_ghost_gnarly_gnolls
D:4:      layout_loops_ring, nicolae_overflow_hidden_temple,
          hangedman_decor_push, guppyfry_shop_venom, uniq_duvessa, uniq_grinder,
          uniq_edmund

Skill      XL: |  1  2  3  4  5 |
---------------+----------------+-----
Conjurations   | 2 3 |  3.7
Fire Magic     | 4 5 |  5.5
Spellcasting   | 3 |  3.2
Dodging        | |  2.1
Stealth        | |  2.0

Action                     |  1- 3 |  4- 6 || total
---------------------------+-------+-------++-------
  Melee: Unarmed           |    20 |       ||    20
         Kick              |    14 |    13 ||    27
         Peck              |     5 |     6 ||    11
         Dagger            |    34 |    43 ||    77
         Punch             |       |     1 ||     1
   Cast: Foxfire           |    37 |     8 ||    45
         Scorch            |       |    20 ||    20
   Stab: Sleeping          |       |     6 ||     6
 Armour: Robe              |     4 |     3 ||     7
  Dodge: Dodged            |    48 |    31 ||    79

Table legend: (Time is in decaauts)
 A = Elapsed time spent in this place.
 B = Non-inter-level travel time spent in this place.
 C = Inter-level travel time spent in this place.
 D = Time resting spent in this place.
 E = Time spent auto-exploring this place.
 F = Levels seen in this place.
 G = Mean time per level.
                   A        B        C        D        E       F      G
               +--------+--------+--------+--------+--------+-----+--------+
         Total |   3025 |   2831 |    194 |    108 |   2174 |   4 |  756.2 |
       Dungeon |   3025 |   2831 |    194 |    108 |   2174 |   4 |  756.2 |
               +--------+--------+--------+--------+--------+-----+--------+

Top non-repeatable levels by time:
     D:1: 1261 daAuts
     D:3: 885 daAuts
     D:2: 796 daAuts
     D:4: 81 daAuts
